 Dungeon Crawl Stone Soup version 0.18.1-48-g4cf74bf (webtiles) character file.

63 Gargoyl the Skirmisher (level 3, -3/29 HPs)
             Began as a Demonspawn Abyssal Knight on Aug 27, 2016.
             Was a Believer of Lugonu.
             Slain by Sigmund
             ... wielding a +0 scythe
              (4 damage)
             ... on level 2 of the Dungeon.
             The game lasted 00:03:13 (1752 turns).

Gargoyl the Skirmisher (Demonspawn Abyssal Knight)  Turns: 1752, Time: 00:03:13

Health: -3/29      AC:  6    Str: 13    XL:     3   Next: 87%
Magic:  4/4        EV: 16    Int: 13    God:    Lugonu [**....]
Gold:   28         SH:  0    Dex: 17    Spells: 0 memorised, 2 levels left

rFire  . . .     SeeInvis .     a - +1 hand axe
rCold  + . .     Gourm    .     d - +0 ring mail
rNeg   . . .     Faith    .     (no shield)
rPois  .         Spirit   .     (no helmet)
rElec  .         Dismiss  .     (no cloak)
rCorr  .         Reflect  .     (no gloves)
SustAt .         Harm     .     e - +0 pair of boots
MR     .....     Rnd*Rage +     (no amulet)
Stlth  ++........               (no ring)
                                f - ring of protection from cold

@: agile, very slightly contaminated, hasted, very quick, not resistant to
hostile enchantments, unstealthy
A: claws 1, berserk 1, powered by pain 1
a: Depart the Abyss, Bend Space, Renounce Religion


You were on level 2 of the Dungeon.
You worshipped Lugonu.
Lugonu was pleased with you.
You were not hungry.

You visited 1 branch of the dungeon, and saw 2 of its levels.
You visited the Abyss 1 time.

You collected 28 gold pieces.

Inventory:

Hand Weapons
 a - a +1 hand axe (weapon)
Armour
 d - a +0 ring mail (worn)
 e - a +0 pair of boots (worn)
Jewellery
 f - a ring of protection from cold (left claw)
Scrolls
 b - a scroll of immolation {unknown}
 g - a scroll of teleportation {unknown}
 j - a scroll of amnesia {unknown}
 l - a scroll of blinking {unknown}
Comestibles
 c - 2 bread rations
 i - a beef jerky


   Skills:
 + Level 3.6 Fighting
 + Level 2.3 Axes
 * Level 2.5 Armour
 + Level 1.5 Dodging
 + Level 0.2 Stealth
 + Level 2.4 Invocations


You had 2 spell levels left.
You didn't know any spells.

Dungeon Overview and Level Annotations

Branches:
Dungeon (2/15)

Altars:
Qazlal

Annotations:
D:2 Sigmund


Innate Abilities, Weirdness & Mutations

You have sharp fingernails.
You sometimes gain a little power by taking damage.
You tend to lose your temper in combat.


Message History

The hobgoblin closely misses you.
You bump into the rock wall.
You feel less confused.
You hit the hobgoblin.
The hobgoblin is severely wounded.
You barely miss the hobgoblin. The hobgoblin closely misses you. x2
Something hits you.
* * * LOW HITPOINT WARNING * * *
Unknown command.
You aren't carrying any potions.
You hit the hobgoblin but do no damage.
The hobgoblin is severely wounded.
You barely miss the hobgoblin. The hobgoblin misses you.
The hobgoblin completely misses you.
Your ring mail prevents you from hitting the hobgoblin.
The hobgoblin is severely wounded.
You hit the hobgoblin.
The hobgoblin is heavily wounded.
Something hits you.
You die...

##....#...###
#.#.###.....>##.....#
#.#.##_.......#.......
#.#.##..............##
##....#....)...#.....#
#.........)...........#
###.....##.....##.#####.#
#......###<#.#.# .# .#
#########.#...gg@g..)..# .#
......$.....#.{###.#.####... ..
#########.##..>###.#.##....###.
#.......##.#..........
####...###...##......# # ##.##
##..##..#.#.##.# #.#
#............ #.# ##.###..#.#.#
#.####...##...)..#


You could see 3 hobgoblins.

Vanquished Creatures
  An adder (D:2)
  A worm (D:2)
  3 dart slugs (D:1)
  A giant gecko (D:2)
  3 giant cockroaches (D:1)
  6 goblins
  5 hobgoblins
  4 kobolds (D:1)
  A quokka (D:2)
  2 ball pythons (D:2)
  2 bats (D:1)
  7 giant newts
  10 rats
46 creatures vanquished.

Notes
Turn   | Place    | Note
--------------------------------------------------------------
     0 | Abyss:1  | Gargoyl the Demonspawn Abyssal Knight began the quest for the Orb.
     0 | Abyss:1  | Reached XP level 1. HP: 18/18 MP: 2/2
    64 | Abyss:1  | Noticed a large abomination
    69 | Abyss:1  | Noticed a large abomination
    73 | Abyss:1  | Noticed an ancient zyme
    74 | Abyss:1  | Noticed a small abomination
    97 | Abyss:1  | Found a corrupted altar of Lugonu.
    99 | Abyss:1  | Noticed a thrashing horror
   107 | D:1      | Escaped the Abyss
   440 | D:1      | Reached * piety under Lugonu
   440 | D:1      | Reached skill level 1 in Dodging
   575 | D:1      | Gained mutation: You have sharp fingernails. [demonic ancestry]
   575 | D:1      | Reached XP level 2. HP: 21/24 MP: 3/3
   888 | D:1      | Gained mutation: You sometimes gain a little power by taking damage. [demonic ancestry]
   888 | D:1      | Reached XP level 3. HP: 20/29 MP: 4/4
  1247 | D:2      | Found a stormy altar of Qazlal.
  1446 | D:2      | Reached ** piety under Lugonu
  1715 | D:2      | Noticed Sigmund
  1729 | D:2      | Gained mutation: Your body sometimes deteriorates upon taking damage. [potion of mutation]
  1729 | D:2      | Gained mutation: You tend to lose your temper in combat. [potion of mutation]
  1729 | D:2      | Lost mutation: Your body sometimes deteriorates upon taking damage. [potion of mutation]
  1750 | D:2      | HP: 1/29 [something (6)]
  1752 | D:2      | Slain by Sigmund

Skill      XL: |  1  2 |
---------------+-------+-----
Dodging        | 1 |  1.5
Axes           | 2 |  2.3
Armour         | 2 |  2.5
Fighting       | |  3.6
Stealth        | |  0.2
Invocations    | |  2.4

Action                   || total
-------------------------++-------
Melee: Hand axe          ||   167
Invok: Depart the Abyss  ||     1
  Use: Potion            ||     2
  Eat: Chunk             ||     3
Armor: Ring mail         ||    64
Dodge: Dodged            ||    88
